 Dungeon Crawl Stone Soup version 0.23.2-40-g277498a001 (webtiles) character file.

Game seed: 7885835473234727015

75231 Frank2 the Severer (level 14, -8/134 HPs)
             Began as a Demigod Gladiator on Sept 3, 2019.
             Mangled by a sixfirhy (14 damage)
             ... summoned by an orc high priest
             ... on level 2 of the Orcish Mines.
             The game lasted 00:47:52 (22388 turns).

Frank2 the Severer (Demigod Gladiator)             Turns: 22388, Time: 00:47:53

Health: -8/134     AC: 21    Str: 24    XL:     14   Next: 67%
Magic:  26/26      EV: 23    Int: 12    God:
Gold:   1725       SH:  0    Dex: 23    Spells: 13/13 levels left

rFire    + . .     SeeInvis +   a - +4 war axe
rCold    . . .     Gourm    .   (no shield)
rNeg     + . .     Faith    .   b - +2 swamp dragon scales
rPois    +         Spirit   .   E - +1 helmet of Ejeryeh {Dex+2}
rElec    .         Reflect  .   k - +0 cloak
rCorr    .         Harm     +   t - +2 pair of gloves
MR       +....     Rnd*Rage +   m - +2 pair of boots {run}
Stlth    ++........             x - amulet "Beenlen" {Harm *Drain rN+ SInv Stlth+}
HPRegen  0.32/turn              C - +3 ring of strength
MPRegen  0.20/turn              s - +5 ring of evasion

@: berserk cooldown, very slightly contaminated, slowed, very slow
A: berserk 1, fire resistance 1, high mp 1, robust 1
a: no special abilities


You were on level 2 of the Orcish Mines.
You were very hungry.

You visited 3 branches of the dungeon, and saw 20 of its levels.
You visited the Abyss 1 time.

You collected 1725 gold pieces.

Inventory:

Hand Weapons
 a - a +4 war axe (weapon)
Missiles
 r - 2 throwing nets (quivered)
Armour
 b - +2 swamp dragon scales (worn)
 k - a +0 cloak (worn)
 m - a +2 pair of boots of running (worn)
 t - a +2 pair of gloves (worn)
 E - the +1 helmet of Ejeryeh (worn) {Dex+2}
   (You found it on level 10 of the Dungeon)

   It affects your dexterity (+2).
 M - a +3 plate armour of magic resistance
Jewellery
 c - an uncursed ring of poison resistance
 h - a +3 amulet of reflection
 j - an uncursed ring of fire
 s - a +5 ring of evasion (right hand)
 x - the amulet "Beenlen" (around neck) {Harm *Drain rN+ SInv Stlth+}
   (You found it on level 5 of the Dungeon)

   [amulet of harm]

   It increases damage dealt and taken.
   It protects you from negative energy.
   It lets you see invisible.
   It causes draining when unequipped.
   It makes you more stealthy.
 C - a +3 ring of strength (left hand)
 G - an uncursed ring of flight
Wands
 o - a wand of digging (16)
 p - a wand of disintegration (2)
 w - a wand of acid (3)
 z - a wand of paralysis (24)
 N - a wand of flame (14)
 O - a wand of iceblast (6)
Scrolls
 g - 5 scrolls of fear
 l - 3 scrolls of remove curse
 A - 4 scrolls of fog
 B - a scroll of blinking
 H - 2 scrolls of teleportation
Potions
 d - 5 potions of lignification
 e - a potion of might
 n - 3 potions of flight
 u - 5 potions of mutation
 v - 3 potions of cancellation
 F - 2 potions of heal wounds
 I - 2 potions of ambrosia
 K - 2 potions of curing
 L - 2 potions of agility
Comestibles
 f - 46 rations


   Skills:
 + Level 10.7 Fighting
 + Level 16.1 Axes
 - Level 1.8 Throwing
 + Level 7.6 Armour
 + Level 8.4 Dodging
 * Level 11.0 Evocations


You had 13 spell levels left.
You didn't know any spells.
Your spell library contained the following spells:

 Spells                   Type           Power        Failure   Level  Hunger
 Flame Tongue             Conj/Fire      #....        43%         1    ##.....
 Freeze                   Ice            #...         43%         1    ##.....
 Sandblast                Erth           #.....       43%         1    ##.....
 Corpse Rot               Necr           N/A          58%         2    ###....
 Passwall                 Tmut/Erth      #.......     58%         2    ###....
 Poisonous Vapours        Pois/Air       #.....       58%         2    ###....
 Throw Flame              Conj/Fire      #.....       58%         2    ###....
 Throw Frost              Conj/Ice       #.....       58%         2    ###....
 Conjure Flame            Conj/Fire      #.......     82%         3    ####...
 Inner Flame              Hex/Fire       #.......     82%         3    ####...
 Mephitic Cloud           Conj/Pois/Air  #.......     82%         3    ####...
 Ozocubu's Armour         Chrm/Ice       #.......     82%         3    ####...
 Stone Arrow              Conj/Erth      #.....       82%         3    ####...
 Leda's Liquefaction      Hex/Erth       #.........   99%         4    #####..
 Petrify                  Tmut/Erth      #.......     99%         4    #####..
 Sticky Flame             Conj/Fire      #.......     99%         4    #####..
 Summon Ice Beast         Ice/Summ       #.......     99%         4    #####..
 Throw Icicle             Conj/Ice       #.......     99%         4    #####..
 Fireball                 Conj/Fire      #.........   100%        5    ######.
 Lee's Rapid Deconstruct  Erth           #.........   100%        5    ######.
 Summon Forest            Summ/Tloc      #.........   100%        5    ######.
 Freezing Cloud           Conj/Ice/Air   #.........   100%        6    #######
 Hydra Form               Tmut           #.........   100%        6    #######
 Ring of Flames           Chrm/Fire      #.........   100%        7    #######
 Summon Hydra             Summ           #.........   100%        7    #######


Dungeon Overview and Level Annotations

Branches:
Dungeon (12/15)            Temple (0/1) D:6            Lair (6/6) D:9
  Swamp (0/4) Lair:2       Spider (0/4) Lair:3        Slime (0/5) Lair:5
    Orc (2/2) D:12
    Elf: Orc:2

Shops:
D:5 }   Orc:2 (


Innate Abilities, Weirdness & Mutations

You have an increased reservoir of magic. (+10% MP)
You tend to lose your temper in combat.
Your flesh is heat resistant. (rF+)
You are robust. (+10% HP)


Message History

* * * LOW HITPOINT WARNING * * *
The red devil hits you from afar with a +0 trident.
* * * LOW HITPOINT WARNING * * *
The orc high priest closely misses you. The orc high priest barely misses you.
The ynoxinul misses you. The sun demon closely misses you.
The orc high priest hits you with a +0 war axe!
* * * LOW HITPOINT WARNING * * *
Blink to where?
Press: ? - help, Dir - move target cursor You are very lightly contaminated with residual magic.
As you read the scroll of blinking, it crumbles to dust.
The ice devil disappears in a puff of smoke!
The ynoxinul gestures.
The red devil hits you but does no damage.
The orc high priest utters an invocation to Beogh.
The sun demon disappears in a puff of smoke!
The sixfirhy completely misses you. The sixfirhy hits you.
* * * LOW HITPOINT WARNING * * *
The sixfirhy shocks you!
You die...

...#... #..P...
#.....##45..... .
#...)5o55... ..
##5.3§oo.... .#.
##..†)#4oo... #...
#..)o#3......
#...$#..4..#4.#...
......#3.......#..
#......@..o.....##
##.....$.........#
#...............#.
#..............##
#......#........
#...#.#.........
.....# .........
..... .......


You could see 2 orc high priests, a sun demon, a sixfirhy, a ynoxinul, a chaos
spawn, an orc sorcerer, 3 red devils, an orc wizard (invisible), 2 orcs and 4
ufetubi.

Vanquished Creatures
  Gastronok (D:8)
  An orc warlord (Orc:2)
  Snorg (Lair:4)
  Josephine (Orc:1)
  A yaktaur captain (D:12)
  Erolcha (D:9)
  Harold (D:8)
  8 hydras
  3 catoblepae
  A centaur warrior (D:10)
  An ogre mage (D:12)
  A deep troll earth mage (D:12)
  3 death yaks (Lair:6)
  5 two-headed ogres
  2 orc high priests (Orc:2)
  The ghost of raetorn the Cleaver, a novice FoFi of Okawaru (D:9)
  3 lindwurms
  3 ugly things
  The ghost of raetorn the Grappler, a novice DrTm (D:4)
  An orc sorcerer (Orc:2)
  3 spectral centaurs (D:9)
  9 elephants (Lair:6)
  3 manticores
  5 black mambas
  2 torpor snails
  12 spiny frogs
  An efreet (D:11)
  Psyche (D:8)
  A komodo dragon (Lair:3)
  2 kobold demonologists (D:12)
  3 rime drakes (Lair:6)
  3 meliai (D:12)
  5 jumping spiders (Lair:3)
  3 trolls
  10 polar bears
  A queen bee (D:12)
  Grinder (D:6)
  A hornet (D:12)
  2 raiju (Lair:6)
  12 blink frogs
  Prince Ribbit (D:6)
  2 slime creatures (D:11)
  5 dream sheep
  A spectral meliai (D:9)
  10 hippogriffs
  2 redbacks (Lair:3)
  19 yaks
  Sigmund (D:3)
  4 fire bats (Abyss:1)
  7 wraiths
  A wyvern (D:12)
  A hungry ghost (D:11)
  4 shadows
  A hog (D:8)
  A human (D:8)
  Grum (D:11)
  A basilisk (Lair:6)
  10 wargs
  Edmund (D:6)
  A soldier ant (D:10)
  15 hell hounds (Lair:6)
  An acid dragon (D:12)
  9 water moccasins
  Duvessa (D:6)
  A floating eye (D:10)
  5 porcupines
  A hornet zombie (D:11)
  3 ice beasts
  16 orc warriors
  2 sky beasts
  The ghost of CitizenNev the Chopper, an amateur DDFi (D:3)
  15 black bears
  2 necrophages (D:10)
  4 phantoms
  10 ogres
  15 wolves
  8 centaurs
  5 crocodiles
  5 big kobolds
  Blork the orc (D:6)
  21 bullfrogs
  A wyvern zombie (D:12)
  2 troll zombies (D:12)
  2 scorpions
  Dowan (D:6)
  A water moccasin skeleton (D:4)
  39 killer bees
  6 howler monkeys
  4 wights (D:11)
  2 electric eels
  6 crimson imps
  8 hounds
  A quasit (D:10)
  5 bullfrog zombies
  2 centaur zombies
  10 jellies
  10 orc priests
  8 iguanas
  3 bullfrog skeletons
  2 centaur skeletons
  13 orc wizards
  7 worker ants
  A killer bee zombie (D:4)
  6 ogre zombies (D:12)
  A hound skeleton (D:6)
  2 worker ant zombies
  7 gnolls
  14 adders
  4 shadow imps
  4 oozes
  3 adder skeletons
  A worm (D:2)
  3 dart slugs
  10 leopard geckos
  57 orcs
  7 giant cockroaches
  12 goblins
  14 hobgoblins
  16 jackals
  22 kobolds
  5 quokkas
  2 ball pythons
  6 bats
  7 frilled lizards
  2 goblin zombies (D:12)
  3 hobgoblin zombies (D:12)
  A leopard gecko skeleton (D:4)
  2 orc skeletons (D:12)
  18 orc zombies (D:12)
  A quokka skeleton (D:7)
  A quokka zombie (D:6)
  6 rats
  3 fungi
  2 plants (Lair:6)
711 creatures vanquished.

Vanquished Creatures (others)
  A black mamba (Lair:5)
  A killer bee (D:12)
  An orc (D:7)
  A bush (D:7)
  12 plants
16 creatures vanquished.

Grand Total: 727 creatures vanquished

Notes
Turn   | Place    | Note
-------+----------+-------------------------------------------
     0 | D:1      | Frank2 the Demigod Gladiator began the quest for the Orb.
     0 | D:1      | Reached XP level 1. HP: 17/17 MP: 3/3
    82 | D:1      | Reached XP level 2. HP: 18/24 MP: 4/4
    85 | D:1      | Reached skill level 3 in Axes
   471 | D:2      | Reached XP level 3. HP: 27/29 MP: 5/5
   554 | D:2      | Reached XP level 4. HP: 5/36 MP: 6/6
   706 | D:2      | Reached skill level 4 in Axes
   863 | D:2      | Found a blossoming altar of Fedhas.
   869 | D:2      | Reached skill level 1 in Armour
  1370 | D:3      | Noticed Sigmund
  1385 | D:3      | Gained mutation: You are partially covered in yellow
                  | scales. (AC +2) [potion of mutation]
  1385 | D:3      | Gained mutation: You are occasionally teleported next to
                  | monsters. [potion of mutation]
  1385 | D:3      | Gained mutation: You are somewhat resistant to further
                  | mutation. [potion of mutation]
  1414 | D:3      | Killed Sigmund
  1414 | D:3      | Reached skill level 5 in Axes
  1414 | D:3      | Reached XP level 5. HP: 8/42 MP: 7/7
  1911 | D:3      | Found a runed translucent gate.
  1911 | D:3      | Found a runed translucent gate.
  1912 | D:3      | Noticed CitizenNev's ghost (amateur DDFi)
  1913 | D:3      | Found a runed translucent gate.
  2312 | D:3      | Reached XP level 6. HP: 50/50 MP: 8/8
  2768 | D:4      | Reached skill level 1 in Evocations
  2783 | D:4      | Reached XP level 7. HP: 33/57 MP: 10/10
  2820 | D:4      | Reached skill level 6 in Axes
  2909 | D:4      | Found a runed translucent gate.
  2909 | D:4      | Found a runed translucent gate.
  2910 | D:4      | Found a runed translucent gate.
  3108 | D:4      | You fall through a shaft!
  3108 | D:5      | Entered Level 5 of the Dungeon
  3627 | D:4      | Noticed raetorn's ghost (novice DrTm)
  3797 | D:5      | Got a crude ruby amulet
  3835 | D:5      | Reached skill level 7 in Axes
  3835 | D:5      | Reached XP level 8. HP: 27/64 MP: 13/13
  4030 | D:5      | Found Buxkin's Gadget Boutique.
  4563 | D:5      | Identified the amulet "Beenlen" {Harm *Drain rN+ SInv
                  | Stlth+} (You found it on level 5 of the Dungeon)
  4590 | D:6      | Found a staircase to the Ecumenical Temple.
  4616 | D:6      | Noticed Blork the orc
  4619 | D:6      | Noticed Dowan
  4627 | D:6      | Killed Blork the orc
  4630 | D:6      | Killed Dowan
  4654 | D:6      | Noticed Edmund
  4667 | D:6      | Killed Edmund
  4698 | D:6      | Reached skill level 8 in Axes
  4719 | D:6      | Noticed Prince Ribbit
  4720 | D:6      | Noticed Duvessa
  4731 | D:6      | Killed Prince Ribbit
  4736 | D:6      | Killed Duvessa
  4742 | D:6      | Noticed Grinder
  4754 | D:6      | Killed Grinder
  4754 | D:6      | Reached XP level 9. HP: 71/72 MP: 13/15
  5378 | D:7      | Reached skill level 9 in Axes
  5645 | D:7      | Reached skill level 5 in Fighting
  5762 | D:8      | Noticed Harold
  5777 | D:8      | HP: 1/74 [Harold/cursed -3 glaive (21)]
  5787 | D:8      | Noticed Gastronok
  5788 | D:8      | Killed Harold
  5788 | D:8      | Reached skill level 10 in Axes
  5788 | D:8      | Reached skill level 5 in Dodging
  5788 | D:8      | Reached skill level 5 in Evocations
  6183 | D:8      | Noticed Psyche
  6206 | D:8      | Cast into level 1 of the Abyss (Psyche)
  6243 | Abyss:1  | Reached XP level 10. HP: 62/81 MP: 17/17
  6283 | D:8      | Escaped the Abyss
  6753 | D:8      | Killed Gastronok
  6753 | D:8      | Reached skill level 11 in Axes
  6828 | D:8      | Found a deep blue altar of Sif Muna.
  7001 | D:8      | Killed Psyche
  7289 | D:9      | Noticed a white ugly thing
  7531 | D:9      | Killed a white ugly thing
  7648 | D:9      | Found a staircase to the Lair.
  7678 | D:9      | Found a runed translucent gate.
  7678 | D:9      | Found a runed translucent gate.
  7678 | D:9      | Found a runed translucent gate.
  7678 | D:9      | Noticed raetorn's ghost (novice FoFi)
  7959 | D:9      | Noticed Erolcha
  7964 | D:9      | Paralysed by Erolcha for 7 turns
  7972 | D:9      | Killed Erolcha
  7972 | D:9      | Reached XP level 11. HP: 75/90 MP: 19/19
  8278 | D:3      | Killed CitizenNev's ghost
  8420 | D:4      | Killed raetorn's ghost
  8559 | D:10     | Entered Level 10 of the Dungeon
  8577 | D:10     | Reached skill level 5 in Armour
  8640 | D:10     | Noticed a two-headed ogre
  8647 | D:10     | Killed a two-headed ogre
  8647 | D:10     | Reached skill level 12 in Axes
  8652 | D:10     | Noticed a two-headed ogre
  8662 | D:10     | Killed a two-headed ogre
  8891 | D:10     | Got a bloodstained helmet
  8892 | D:10     | Identified the +1 helmet of Ejeryeh {Dex+2} (You found it
                  | on level 10 of the Dungeon)
  8924 | D:10     | Noticed a centaur warrior
  8936 | D:10     | Killed a centaur warrior
  8995 | D:10     | Noticed a catoblepas
  9224 | D:10     | Killed a catoblepas
  9401 | D:10     | Paralysed by a floating eye for 4 turns
  9408 | D:10     | Paralysed by a floating eye for 2 turns
  9416 | D:10     | Paralysed by a floating eye for 2 turns
  9418 | D:10     | HP: 4/92 [orc warrior/+2 long sword of electrocution (20)]
  9451 | D:10     | Noticed a two-headed ogre
  9467 | D:10     | Killed a two-headed ogre
 10152 | D:10     | Lost mutation: You are occasionally teleported next to
                  | monsters. [potion of mutation]
 10152 | D:10     | Lost mutation: You are partially covered in yellow scales.
                  | (AC +2) [potion of mutation]
 10152 | D:10     | Lost mutation: You are somewhat resistant to further
                  | mutation. [potion of mutation]
 10152 | D:10     | Gained mutation: You tend to lose your temper in combat.
                  | [potion of mutation]
 10152 | D:10     | Gained mutation: You are robust. (+10% HP) [potion of
                  | mutation]
 10152 | D:10     | Gained mutation: Your flesh is heat resistant. (rF+)
                  | [potion of mutation]
 10620 | D:11     | Noticed a five-headed hydra
 10628 | D:11     | Killed a six-headed hydra
 10628 | D:11     | Reached skill level 13 in Axes
 10628 | D:11     | Reached XP level 12. HP: 76/110 MP: 21/21
 10691 | D:11     | Noticed a six-headed hydra
 10700 | D:11     | Killed a seven-headed hydra
 11113 | D:11     | Noticed an eight-headed hydra
 11121 | D:11     | Killed an eight-headed hydra
 11285 | D:11     | Noticed Grum
 11292 | D:11     | Killed Grum
 11556 | Lair:1   | Entered Level 1 of the Lair of Beasts
 12324 | Lair:2   | Found a staircase to the Swamp.
 12896 | Lair:2   | Found a snail-covered altar of Cheibriados.
 14395 | Lair:3   | Found a hole to the Spider Nest.
 14652 | Lair:3   | Reached skill level 14 in Axes
 15050 | Lair:4   | Reached XP level 13. HP: 78/121 MP: 23/23
 15168 | Lair:4   | Noticed Snorg
 15176 | Lair:4   | Killed Snorg
 15838 | Lair:5   | Found a staircase to the Slime Pits.
 16532 | Lair:6   | Entered Level 6 of the Lair of Beasts
 17567 | Lair:6   | Reached skill level 15 in Axes
 17667 | Lair:6   | Reached skill level 10 in Evocations
 18216 | Lair:6   | Identified a +2 pair of boots of running (You found it on
                  | level 6 of the Lair of Beasts)
 18243 | Lair:6   | Reached XP level 14. HP: 130/130 MP: 25/25
 18268 | Lair:6   | Reached skill level 10 in Fighting
 19494 | D:9      | Killed raetorn's ghost
 19907 | D:12     | Found a staircase to the Orcish Mines.
 21966 | Orc:1    | Entered Level 1 of the Orcish Mines
 22015 | Orc:1    | Found a bloodstained altar of Trog.
 22143 | Orc:1    | Noticed Josephine
 22159 | Orc:1    | Killed Josephine
 22159 | Orc:1    | Reached skill level 16 in Axes
 22344 | Orc:2    | Entered Level 2 of the Orcish Mines
 22347 | Orc:2    | Noticed an orc warlord
 22357 | Orc:2    | Found Rikuaclo's Antique Weapon Shop.
 22371 | Orc:2    | Killed an orc warlord
 22385 | Orc:2    | HP: 5/134 [sixfirhy[an orc high priest] (10)]
 22388 | Orc:2    | Mangled by a sixfirhy

Skill      XL: |  1  2  3  4  5  6  7  8  9 10 11 12 13 14 |
---------------+-------------------------------------------+-----
Dodging        | 3 4 5 6 7 8 |  8.4
Axes           | 3 5 7 8 10 11 13 14 15 16 | 16.1
Fighting       | 2 3 4 5 6 7 8 9 10 | 10.7
Armour         | 1 2 3 4 5 6 7 |  7.6
Evocations     | 1 2 4 5 6 7 9 10 11 | 11.0
Throwing       | |  1.8

Action                   |  1- 3 |  4- 6 |  7- 9 | 10-12 | 13-15 || total
-------------------------+-------+-------+-------+-------+-------++-------
Melee: War axe           |    73 |   173 |   333 |   717 |   931 ||  2227
Throw: Throwing net      |     3 |     2 |     2 |     1 |       ||     8
Evoke: Wand              |       |       |     4 |    44 |    34 ||    82
  Use: Scroll            |     4 |     9 |     8 |    11 |    18 ||    50
       Potion            |       |     4 |     1 |     3 |     4 ||    12
 Stab: Held in net/web   |     1 |       |     2 |     6 |       ||     9
       Sleeping          |       |     3 |     3 |    12 |     4 ||    22
       Confused          |       |       |     1 |       |       ||     1
       Paralysed         |       |       |       |    11 |     6 ||    17
       Petrified         |       |       |       |       |    11 ||    11
       Petrifying        |       |       |       |       |     2 ||     2
       Distracted        |       |       |       |       |     1 ||     1
  Eat: Chunk             |       |     5 |    12 |    23 |    17 ||    57
       Ration            |       |       |       |     2 |     2 ||     4
Armor: Leather armour    |    21 |    21 |       |       |       ||    42
       Swamp dragon scal |       |    56 |   135 |   288 |   352 ||   831
       Ring mail         |       |     2 |       |       |       ||     2
Dodge: Dodged            |    66 |   131 |   246 |   530 |   791 ||  1764
Block: Other             |       |    22 |    18 |       |       ||    40
